 Dungeon Crawl Stone Soup version 0.18.1-8-gdd0e5ea (webtiles) character file.

182 Janerl the Skirmisher (level 5, 0/46 HPs)
             Began as a Centaur Berserker on May 27, 2016.
             Was a Believer of Trog.
             Succumbed to a worker ant's poison
             ... on level 3 of the Dungeon.
             The game lasted 00:09:12 (2124 turns).

Janerl the Skirmisher (Centaur Berserker)           Turns: 2124, Time: 00:09:12

Health: 0/46       AC:  4    Str: 20    XL:     5   Next: 34%
Magic:  5/5        EV: 10    Int:  6    God:    Trog [**....]
Gold:   124        SH:  0    Dex:  9    Spells: 0 memorised, 4 levels left

rFire  + . .     SeeInvis .     a - +0 spear
rCold  + . .     Gourm    .     b - +0 animal skin
rNeg   . . .     Faith    .     (no shield)
rPois  +         Spirit   .     (no helmet)
rElec  +         Dismiss  .     (no cloak)
rCorr  +         Reflect  .     (no gloves)
SustAt .         Harm     .     (no barding)
MR     +....                    (no amulet)
Stlth  +.........               m - ring of protection from magic
                                j - ring of poison resistance

@: lethally poisoned (0 -> -6), resistant, very quick, somewhat resistant to
hostile enchantments, very unstealthy
A: hooves 3, deformed body, speed 2, tough skin 3
a: Berserk, Trog's Hand, Burn Spellbooks, Renounce Religion


You were on level 3 of the Dungeon.
You worshipped Trog.
Trog was pleased with you.
You were not hungry.

You visited 1 branch of the dungeon, and saw 4 of its levels.

You collected 124 gold pieces.

Inventory:

Hand Weapons
 a - a +0 spear (weapon)
 s - a +0 blowgun
Missiles
 d - 75 stones (quivered)
 e - a throwing net
 r - 19 poisoned needles
Armour
 b - a +0 animal skin (worn)
Jewellery
 j - a ring of poison resistance (left hand)
 l - an uncursed ring of see invisible {unknown}
 m - a ring of protection from magic (right hand)
 p - an uncursed ring of positive energy {unknown}
Wands
 u - a wand of confusion (23/48)
Scrolls
 f - a scroll of enchant armour {unknown}
 i - 2 scrolls of teleportation {unknown}
 k - a scroll of remove curse {unknown}
 q - a scroll of amnesia {unknown}
 t - 2 scrolls of random uselessness {unknown}
Comestibles
 c - 2 bread rations
 h - a meat ration


   Skills:
 + Level 4.1 Fighting
 + Level 3.5 Polearms
 + Level 1.5 Armour
 + Level 3.0 Dodging
 + Level 0.1 Stealth


You had 4 spell levels left.
You didn't know any spells.

Dungeon Overview and Level Annotations

Branches:
Dungeon (4/15)
 Temple: D:4-7

Altars:
Cheibriados
Elyvilon
Fedhas
Trog


Innate Abilities, Weirdness & Mutations

You have hooves in place of feet.
Armour fits poorly on your strangely shaped body.
You cover ground very quickly.
You have extremely tough skin (AC +3).


Message History

* * * LOW HITPOINT WARNING * * *
Drink which item? (? for menu, Esc to quit)
It was a potion of resistance.
You feel protected. The quokka closely misses you.
You barely miss the quokka. You kick the quokka.
You kill the quokka!
Trog accepts your kill. The worker ant bites you.
* * * LOW HITPOINT WARNING * * *
The worker ant waves its antennae.
There is an escape hatch in the ceiling here.
You see here 12 gold pieces.
There is an escape hatch in the ceiling here.
The worker ant bites you.
* * * LOW HITPOINT WARNING * * *
You are lethally poisoned!
The worker ant poisons you! A mysterious force pulls you upwards.
The hatch slams shut behind you.
You die...

♣♣♣♣
♣@.♣
♣.a♣♣
♣..♣
..♣♣
♣?♣
♣. ♣.
♣.


You could see a worker ant.

Vanquished Creatures
  A hound (D:4)
  An orc wizard (D:4)
  An orc priest (D:4)
  5 adders (D:2)
  2 worms (D:2)
  A dart slug (D:1)
  3 orcs (D:4)
  4 bats
  2 hobgoblins (D:1)
  3 jackals (D:1)
  6 kobolds
  A quokka (D:4)
  A ball python (D:2)
  4 giant newts
  6 goblins
  3 rats
44 creatures vanquished.

Notes
Turn   | Place    | Note
--------------------------------------------------------------
     0 | D:1      | Janerl the Centaur Berserker began the quest for the Orb.
     0 | D:1      | Reached XP level 1. HP: 19/19 MP: 1/1
   168 | D:1      | Reached XP level 2. HP: 17/26 MP: 2/2
   821 | D:2      | Reached XP level 3. HP: 20/31 MP: 3/3
  1404 | D:2      | Reached ** piety under Trog
  1407 | D:2      | Reached XP level 4. HP: 31/40 MP: 4/4
  1558 | D:2      | Found a bloodstained altar of Trog.
  1560 | D:2      | Found a snail-covered altar of Cheibriados.
  1566 | D:2      | Found a white marble altar of Elyvilon.
  1757 | D:2      | You fall through a shaft for 2 floors!
  1824 | D:4      | Reached skill level 4 in Fighting
  1840 | D:4      | Reached XP level 5. HP: 11/46 MP: 5/5
  2123 | D:4      | HP: 1/46 [worker ant (5)]
  2124 | D:3      | Found a blossoming altar of Fedhas.
  2124 | D:3      | Succumbed to a worker ant's poison

Skill      XL: |  1  2  3  4  5 |
---------------+----------------+-----
Polearms       | 3 |  3.5
Dodging        | 2 3 |  3.0
Fighting       | 4 |  4.1
Armour         | |  1.5
Stealth        | |  0.1

Action                   |  1- 3 |  4- 6 || total
-------------------------+-------+-------++-------
Melee: Spear             |   111 |    84 ||   195
       Kick              |    15 |    25 ||    40
  Use: Scroll            |     1 |     1 ||     2
       Potion            |       |     2 ||     2
  Eat: Chunk             |       |     1 ||     1
       Bread ration      |       |     1 ||     1
Armor: Animal skin       |    33 |    16 ||    49
Dodge: Dodged            |    57 |    28 ||    85
